 Dungeon Sprint DCSS version 0.26-a0-739-gf55cbd344a (webtiles) character file.

Game seed: 3790776474596770011

22 rocky1 the Firebug (level 2, -2/25 HPs)
             Began as a Hill Orc Fire Elementalist on Nov 6, 2020.
             Was a Priest of Cheibriados.
             Slain by a lemure (7 damage)
             ... led by Pikel
             ... in the Dungeon (Sprint VII: "The Pits").
             The game lasted 00:03:32 (529 turns).

rocky1 the Firebug (Hill Orc Fire Elementalist)      Turns: 529, Time: 00:03:33

Health: -2/25      AC:  8    Str: 17    XL:     2   Next: 91%
Magic:  2/4        EV: 12    Int: 22    God:    Cheibriados [***...]
Gold:   0          SH:  0    Dex: 18    Spells: 3/4 levels left

rFire    . . .     SeeInvis .   n - +3 hand axe (freeze)
rCold    . . .     Faith    .   (no shield)
rNeg     . . .     Spirit   .   c - +3 ring mail
rPois    .         Reflect  .   (no helmet)
rElec    .         Harm     .   (no cloak)
rCorr    .         Rampage  .   (no gloves)
MR       .....     NoTele   +   (no boots)
Stlth    +.........             (no amulet)
HPRegen  0.08/turn              (no ring)
MPRegen  0.09/turn              (no ring)

@: very slightly contaminated, invisible, very slow
A: no striking features
a: Bend Time, Temporal Distortion, Renounce Religion


You were in the Dungeon.
You worshipped Cheibriados.
Cheibriados was most pleased with you.
You visited 1 branch

Inventory:

Hand Weapons
 n - a +3 hand axe of freezing (weapon)
Armour
 a - a +0 robe
 c - a +3 ring mail (worn)
Scrolls
 h - a scroll of blinking
 i - 3 scrolls of remove curse
 j - 5 scrolls of amnesia
 k - a scroll of summoning
Potions
 b - a potion of invisibility
 d - 5 potions of curing
 f - 4 potions of magic
 m - 5 potions of heal wounds


   Skills:
 + Level 2.3 Fighting
 + Level 2.5 Axes
 + Level 0.0 Armour
 + Level 2.3 Dodging
 - Level 1.5 Stealth
 - Level 1.5 Spellcasting
 - Level 1.0 Conjurations
 + Level 4.8 Fire Magic
 + Level 2.6 Invocations


You had 3 spell levels left.
You knew the following spells:

 Your Spells              Type           Power        Failure   Level
a - Foxfire               Conj/Fire      ##..         9%          1

Your spell library contained the following spells:

 Spells                   Type           Power        Failure   Level
 Conjure Flame            Conj/Fire      ##......     24%         3
 Inner Flame              Hex/Fire       ##......     30%         3
 Sticky Flame             Conj/Fire      ##......     63%         4
 Fireball                 Conj/Fire      ##........   92%         5


Dungeon Overview and Level Annotations

Branches:
Dungeon (1/1)

Altars:
Ashenzari
Cheibriados
Dithmenos
Elyvilon
Fedhas
Gozag
Hepliaklqana
Kikubaaqudgha
Makhleb
Nemelex Xobeh
Okawaru
Qazlal
Ru
Sif Muna
Trog
Uskayaw
Vehumet
Wu Jian
Xom
Yredelemnul
Zin
The Shining One
Beogh
Jiyva
Lugonu

Annotations:
D Pikel


Message History

The foxfire hits the lemure.
The lemure is moderately wounded.
Casting: Foxfire (safe; 9% risk of failure)
Confirm with . or Enter, or press ? or * to list all spells.
You conjure some foxfire!
The lemure barely misses you.
The foxfire hits the lemure but does no damage.
The foxfire hits the lemure.
The lemure is lightly wounded.
The lemure hits you. The lemure hits you but does no damage.
The lemure hits you. The lemure barely misses you.
The lemure closely misses you. The lemure hits you but does no damage.
There is an open door to the Storerooms (Easy) here.
You fade into invisibility!
The lemure closely misses you. x2; The lemure completely misses you.
You are very lightly contaminated with residual magic.
You closely miss the lemure. You hit the lemure. You freeze the lemure.
You hit the lemure but do no damage. The lemure hits you.
* * * LOW HITPOINT WARNING * * *
The lemure hits you!
You die...

############
#_________.#
#_________.#
#_______...###########++
##########'##...........
#.?(.')))'.##......#..#.
##########.##5..........
#..........5@...........
#'#####'#####5.....#..#.
#.#..#..#..##...........
#5#..'..#))#####'#####++
#.#..####))##.......#
#.#..#..#))##.......#
#.#..#..#.[##.......#
#.##(#..#'###...<...#
#.#..).....##.......#


You could see 3 lemures.

Vanquished Creatures
  An ufetubus (D)
  An ooze (D)
  An adder zombie (D)
  A leopard gecko (D)
  A bat zombie (D)
  A kobold (D)
  A ball python (D)
  A frilled lizard (D)
  A leopard gecko zombie (D)
  A rat (D)
10 creatures vanquished.

Vanquished Creatures (others)
  29 foxfires (D)
29 creatures vanquished.

Grand Total: 39 creatures vanquished

Notes
Turn   | Place    | Note
-------+----------+-------------------------------------------
     0 | D        | rocky1 the Hill Orc Fire Elementalist began the quest for
                  | the Orb.
     0 | D        | Reached XP level 1. HP: 14/14 MP: 3/3
    15 | D        | Reached skill level 4 in Fire Magic
    23 | D        | Found a bloodstained altar of Trog.
    23 | D        | Found a shimmering blue altar of Sif Muna.
    23 | D        | Found a viscous altar of Jiyva.
    23 | D        | Found a hazy altar of Hepliaklqana.
    23 | D        | Found an opulent altar of Gozag.
    50 | D        | Found a glowing golden altar of the Shining One.
    50 | D        | Found a glowing silver altar of Zin.
    50 | D        | Found a basalt altar of Yredelemnul.
    50 | D        | Found a shimmering altar of Xom.
    50 | D        | Found an ornate altar of the Wu Jian Council.
    50 | D        | Found a sacrificial altar of Ru.
    50 | D        | Found a stormy altar of Qazlal.
    50 | D        | Found an iron altar of Okawaru.
    50 | D        | Found a sparkling altar of Nemelex Xobeh.
    50 | D        | Found a burning altar of Makhleb.
    50 | D        | Found a blossoming altar of Fedhas.
    50 | D        | Found a white marble altar of Elyvilon.
    50 | D        | Found a shadowy altar of Dithmenos.
    50 | D        | Found a snail-covered altar of Cheibriados.
    53 | D        | Found a corrupted altar of Lugonu.
    53 | D        | Found a radiant altar of Vehumet.
    53 | D        | Found a roughly hewn altar of Beogh.
    54 | D        | Found an ancient bone altar of Kikubaaqudgha.
    54 | D        | Found a hide-covered altar of Uskayaw.
    54 | D        | Found a broken altar of Ashenzari.
    61 | D        | Became a worshipper of Cheibriados the Contemplative
    92 | D        | Reached skill level 1 in Fighting
    92 | D        | Reached skill level 1 in Axes
    92 | D        | Reached skill level 1 in Invocations
    92 | D        | Reached XP level 2. HP: 6/23 MP: 0/4
    93 | D        | Reached * piety under Cheibriados
   363 | D        | Reached ** piety under Cheibriados
   422 | D        | Reached *** piety under Cheibriados
   502 | D        | Noticed a fire bat
   502 | D        | Noticed a lemure
   502 | D        | Noticed a lemure
   502 | D        | Noticed a lemure
   504 | D        | Noticed Pikel
   529 | D        | Slain by a lemure

Illustrated notes

Levels and vault maps discovered:
D:        pitsprint [storerooms_1, entrance_room_1, metal_vault_5, armoury_1,
          mini_pit_1, grid_room_1, main_hall_1, silver_pit, the_coven_1,
          the_vestibule_1, steel_vault_5, golden_pit, hallway_of_sentries,
          crystal_vault_5, iron_vault_1, final_vault]

Skill      XL: |  1  2 |
---------------+-------+-----
Fire Magic     | 4 |  4.8
Fighting       | 1 2 |  2.3
Axes           | 1 2 |  2.5
Invocations    | 1 2 |  2.6
Dodging        | 2 |  2.3
Stealth        | |  1.5
Spellcasting   | |  1.5
Conjurations   | |  1.0

Action                   || total
-------------------------++-------
Melee: Hand axe          ||    10
 Cast: Foxfire           ||    16
  Use: Potion            ||     3
Armor: Robe              ||     4
       Ring mail         ||     3
Dodge: Dodged            ||    33

Table legend: (Time is in decaauts)
 A = Elapsed time spent in this place.
 B = Non-inter-level travel time spent in this place.
 C = Inter-level travel time spent in this place.
 D = Time resting spent in this place.
 E = Time spent auto-exploring this place.
 F = Levels seen in this place.
 G = Mean time per level.
                   A        B        C        D        E       F      G
               +--------+--------+--------+--------+--------+-----+--------+
         Total |    593 |    593 |      0 |    286 |      0 |   1 |  593.0 |
       Dungeon |    593 |    593 |      0 |    286 |      0 |   1 |  593.0 |
               +--------+--------+--------+--------+--------+-----+--------+

Top non-repeatable levels by time:
       D: 593 daAuts
